[Event "Team 45 45 League T39"]
[Site "Internet Chess Club"]
[Date "2008.10.26"]
[Round "1"]
[White "viking99"]
[Black "Stav"]
[Result "1/2-1/2"]
[WhiteElo "1805"]
[BlackElo "1817"]
[Opening "Philidor: Improved Hanham variation"]
[ECO "B07"]
[Time "16:00:25"]
[TimeControl "2700+45"]

1. e4 d6 2. d4 Nf6 3. Nc3 e5 4. Nf3 Nbd7 5. Bb5 c6 6. dxe5 dxe5 7. Bc4 Be7 8.
O-O O-O 9. Qe2 Qc7 10. Bg5 b5 11. Bd3 Nc5 12. Rac1 Bg4 13. h3 Bh5 14. Qe3 Ne6
15. Nh2 Nxg5 16. Qxg5 Bg6 17. Qe3 a6 18. Ne2 Rad8 19. Ng3 Rfe8 20. Nf3 Bf8 21.
Nh4 Rd7 22. Nxg6 hxg6 23. Rcd1 Red8 24. Be2 Bb4 25. Rxd7 Rxd7 26. Rd1 Ba5 27.
Rxd7 Qxd7 28. Qd3 Qxd3 29. Bxd3 {Game drawn by mutual agreement} 1/2-1/2

[Event "Team 45 45 League T39"]
[Site "Internet Chess Club"]
[Date "2008.10.26"]
[Round "1"]
[White "Frankly"]
[Black "Kingofknights"]
[Result "0-1"]
[WhiteElo "1791"]
[BlackElo "1795"]
[Opening "QGD Slav: 4.e3 Bf5"]
[ECO "D12"]
[Time "09:00:15"]
[TimeControl "2700+45"]

1. d4 d5 2. c4 c6 3. Nf3 Nf6 4. e3 Bf5 5. cxd5 cxd5 6. Qb3 Qb6 7. Qxb6 axb6 8.
Nc3 e6 9. Bb5+ Nfd7 10. O-O Nc6 11. Bd2 Bd6 12. Rfe1 O-O 13. Rac1 Rfc8 14. a3 h6
15. h3 Rc7 16. e4 dxe4 17. Nxe4 Bxe4 18. Rxe4 Rac8 19. b4 Nxd4 20. Rxd4 Rxc1+
21. Bxc1 Rxc1+ 22. Bf1 Bxb4 23. axb4 Nf6 24. g3 Nd5 25. Ne5 Kf8 26. Kg2 Rb1 27.
b5 Rb2 28. Kf3 Ke7 29. Bc4 f6 30. Ng6+ Kd6 31. Bxd5 exd5 32. Nf4 Rxb5 33. Rd3 g5
34. Ne2 Rc5 35. Re3 Kd7 36. Nd4 h5 37. Nf5 b5 38. Re7+ Kc6 39. Nd4+ Kb6 40. Re6+
Ka7 41. Rxf6 b4 42. Ke2 b6 43. Kd2 Ka6 44. Ne6 Rc4 45. Rf3 Ka5 46. Nxg5 Ka4 47.
Rf8 b3 48. Ra8+ Kb4 49. Ra1 b2 50. Rb1 Kb3 51. Ke3 Kc2 52. Rxb2+ Kxb2 53. f4 Kc3
54. f5 d4+ 55. Ke2 Kc2 56. Ne4 d3+ 57. Ke3 Rxe4+ 58. Kxe4 d2 59. Ke5 d1=Q 60. f6
Qd8 61. Ke6 Qe8+ 62. Kd6 Kd3 63. g4 hxg4 64. hxg4 Ke4 65. g5 Kf5 {White resigns}
0-1

[Event "Team 45 45 League T39"]
[Site "Internet Chess Club"]
[Date "2008.10.24"]
[Round "1"]
[White "Marichan"]
[Black "Razorbackchess"]
[Result "1-0"]
[WhiteElo "1668"]
[BlackElo "1762"]
[Opening "Sicilian: Taimanov (Bastrikov) variation"]
[ECO "B47"]
[Time "19:00:16"]
[TimeControl "2700+45"]

1. e4 c5 2. Nf3 e6 3. d4 cxd4 4. Nxd4 Nc6 5. Nc3 Qc7 6. Ndb5 Qb8 7. Bc4 a6 8.
Nd4 Nf6 9. O-O Nxd4 10. Qxd4 Bd6 11. f4 Qc7 12. Be3 Bb4 13. e5 Ng4 14. Na4 Nxe3
15. Qxe3 Qxc4 16. a3 Be7 17. Nb6 Qc6 18. b4 Rb8 19. c4 d6 20. exd6 Bxd6 21. c5
Bc7 22. f5 O-O 23. f6 Bxb6 24. cxb6 e5 25. Qxe5 Qxb6+ 26. Kh1 Be6 27. Qg5 {Black
resigns} 1-0

[Event "Team 45 45 League T39"]
[Site "Internet Chess Club"]
[Date "2008.10.23"]
[Round "1"]
[White "chess9397"]
[Black "Yedixon"]
[Result "1-0"]
[WhiteElo "1841"]
[BlackElo "1869"]
[Opening "Petrov three knights game"]
[ECO "C42"]
[Time "22:00:51"]
[TimeControl "2700+45"]

1. e4 e5 2. Nf3 Nf6 3. Nc3 Bb4 4. Bc4 Nc6 5. d3 d5 6. exd5 Nxd5 7. Bd2 Nb6 8.
Bb5 O-O 9. O-O Nd4 10. Nxd4 Qxd4 11. Be3 Qh4 12. Ne4 c6 13. Bg5 Qg4 14. a3 Ba5
15. Bxc6 bxc6 16. b4 Bxb4 17. axb4 Qxd1 18. Rfxd1 Nd5 19. Rdb1 f5 20. Nd6 Be6
21. c4 Nc3 22. Rb2 Rfd8 23. Bxd8 Rxd8 24. c5 Nb5 25. Nxb5 cxb5 26. h3 Rxd3 27.
Rxa7 Bc4 28. Re7 e4 29. Rb1 Kf8 30. Rc7 f4 31. Ra1 Rd8 32. Raa7 e3 33. fxe3 fxe3
34. Ra1 e2 35. Re1 Rd5 36. Ra7 Rf5 37. Raa1 Ke7 38. g4 Rf4 39. Kg2 Kf6 40. Ra3
Kg5 41. Kg3 Rf1 42. Raa1 Kf6 43. Kg2 Bd5+ 44. Kg3 Rf3+ 45. Kh2 Rf2+ 46. Kg1 Rg2+
47. Kh1 Rxg4+ 48. Kh2 Rg2+ 49. Kh1 Kg5 50. Rg1 Rxg1+ 51. Kxg1 Kf4 52. Kf2 g5 53.
Kxe2 Kg3 54. Ra3+ Kg2 55. Rc3 Bc6 56. Re3 h5 57. Re5 g4 58. hxg4 hxg4 59. Re6
Bf3+ 60. Ke3 g3 61. c6 Kf1 62. Kxf3 g2 63. Rg6 {Black resigns} 1-0

[Event "Team 45 45 League T39"]
[Site "Internet Chess Club"]
[Date "2008.10.25"]
[Round "1"]
[White "player12321"]
[Black "chess9793"]
[Result "1-0"]
[WhiteElo "1846"]
[BlackElo "1790"]
[Opening "Queen's pawn: Yusupov-Rubinstein system"]
[ECO "A46"]
[Time "15:02:10"]
[TimeControl "2700+45"]

1. d4 Nf6 2. Nf3 e6 3. e3 b6 4. Bd3 Bb7 5. Nbd2 d6 6. Qe2 Be7 7. O-O O-O 8. c3
Nbd7 9. e4 h6 10. e5 dxe5 11. Nxe5 Nxe5 12. dxe5 Nd7 13. b4 Nxe5 14. Bc2 Nd7 15.
Nf3 c5 16. Rd1 Qc7 17. c4 cxb4 18. Bb2 Bf6 19. Rxd7 Qxd7 20. Bxf6 gxf6 21. Rd1
Qc6 22. Rd4 f5 23. Qe3 Kh7 24. Rh4 e5 25. Bxf5+ Kg7 26. Qxe5+ Qf6 27. Rg4+ Kh8
28. Qxf6# {Black checkmated} 1-0

[Event "Team 45 45 League T39"]
[Site "Internet Chess Club"]
[Date "2008.10.24"]
[Round "1"]
[White "NESKAYA"]
[Black "Duguesclin"]
[Result "0-1"]
[WhiteElo "1644"]
[BlackElo "1680"]
[Opening "Sicilian defense"]
[ECO "B41"]
[Time "15:30:11"]
[TimeControl "2700+45"]

1. e4 e6 2. Nf3 c5 3. d4 cxd4 4. Nxd4 Bc5 5. Be2 d6 6. Bb5+ Bd7 7. Bxd7+ Qxd7 8.
O-O Nf6 9. Qd3 O-O 10. Bg5 Qe7 11. c3 h6 12. Bh4 Nbd7 13. b4 Bb6 14. a4 a6 15.
a5 Ba7 16. Kh1 Rac8 17. f4 Bxd4 18. cxd4 e5 19. Nd2 Rfd8 20. fxe5 dxe5 21. d5
Qxb4 22. Rfb1 Rc3 23. Qe2 Qd4 24. Rxb7 Rdc8 25. Bxf6 Nxf6 26. h3 Rc1+ 27. Rxc1
Rxc1+ 28. Kh2 Qg1+ 29. Kg3 Rc3+ 30. Nf3 Re3 31. Qc2 g5 32. Rb1 Rc3 33. Rb8+ Kg7
34. Qxc3 Nxe4+ 35. Kg4 Qxg2+ 36. Kh5 Nf6# {White checkmated} 0-1

[Event "Team 45 45 League T39"]
[Site "Internet Chess Club"]
[Date "2008.10.23"]
[Round "1"]
[White "Zebbile"]
[Black "natethegreat"]
[Result "1-0"]
[WhiteElo "2057"]
[BlackElo "1799"]
[Opening "King's Indian: orthodox, Aronin-Taimanov, bayonet attack"]
[ECO "E97"]
[Time "21:39:52"]
[TimeControl "2700+45"]

1. Nf3 Nf6 2. d4 g6 3. c4 Bg7 4. Nc3 O-O 5. e4 d6 6. Be2 e5 7. O-O Nc6 8. d5 Ne7
9. b4 Nd7 10. Ne1 f5 11. f3 f4 12. Nd3 g5 13. c5 Nf6 14. Nf2 h5 15. a4 g4 16.
fxg4 Nxg4 17. Nxg4 f3 18. Nh6+ Bxh6 19. Bxh6 fxe2 20. Qxe2 Bg4 21. Qe3 Ng6 22.
Bxf8 Nxf8 23. Qh6 Qe7 24. cxd6 cxd6 25. Rf2 Rd8 26. Raf1 Nh7 27. Rf7 Qxf7 28.
Rxf7 Kxf7 29. Qxh7+ Ke8 30. h3 Bc8 31. Qxh5+ Ke7 32. Nb5 Rf8 33. Qg5+ Rf6 34.
Nxd6 Kxd6 35. Qxf6+ Kd7 36. Qxe5 Kd8 37. Qh8+ Kd7 38. Qxc8+ Kxc8 39. e5 Kd7 40.
e6+ Ke7 41. h4 Kf6 42. h5 Kg5 43. e7 Kxh5 44. e8=Q+ Kg5 45. d6 Kf6 46. d7 Kf5
47. d8=Q {Black resigns} 1-0

[Event "Team 45 45 League T39"]
[Site "Internet Chess Club"]
[Date "2008.10.31"]
[Round "1"]
[White "avila"]
[Black "Bill-W"]
[Result "1/2-1/2"]
[WhiteElo "1702"]
[BlackElo "1694"]
[Opening "Sicilian: Hungarian variation"]
[ECO "B34"]
[Time "16:03:34"]
[TimeControl "2700+45"]

1. e4 c5 2. Nf3 g6 3. d4 cxd4 4. Nxd4 Nc6 5. Be3 Bg7 6. c3 Nf6 7. f3 O-O 8. Be2
d5 9. Nxc6 bxc6 10. e5 Nd7 11. f4 Nb6 12. O-O Qc7 13. Nd2 Rb8 14. b3 c5 15. Nf3
e6 16. Rc1 c4 17. b4 Nd7 18. Qd4 a5 19. a3 axb4 20. axb4 Qb6 21. Qxb6 Nxb6 22.
Bc5 Re8 23. Ra1 Nd7 24. Bd6 Rb7 25. Bd1 Bf8 26. Bxf8 Nxf8 27. Ba4 Bd7 28. Nd4
Kg7 29. Bxd7 Nxd7 30. Ra6 Nb6 31. Nb5 Ra8 32. Rfa1 Rxa6 33. Rxa6 Nc8 34. Nd4 Ne7
35. Kf2 h6 36. h4 g5 37. hxg5 hxg5 38. g3 Kg6 39. Kf3 gxf4 40. gxf4 Nf5 41. Nxf5
Kxf5 42. Ra5 f6 43. exf6 Kxf6 44. Ra2 e5 45. fxe5+ Kxe5 46. Re2+ Kd6 47. Ke3 Rh7
48. Kd2 Rh4 49. Kc2 d4 50. cxd4 Rxd4 51. Rd2 Rxd2+ 52. Kxd2 Kc6 53. Kc2 Kb6 54.
Kb2 Kc6 55. Kc2 Kb6 56. Kb2 Kc6 {Game drawn by mutual agreement} 1/2-1/2

[Event "Team 45 45 League T39"]
[Site "Internet Chess Club"]
[Date "2008.10.26"]
[Round "1"]
[White "jacknor"]
[Black "vkpanch"]
[Result "1-0"]
[WhiteElo "1632"]
[BlackElo "1756"]
[Opening "Sicilian: Grand Prix attack"]
[ECO "B23"]
[Time "13:09:51"]
[TimeControl "2700+45"]

1. e4 c5 2. Nc3 Nc6 3. f4 e6 4. Nf3 Nge7 5. Bb5 a6 6. Bxc6 Nxc6 7. O-O g6 8. d3
Bg7 9. e5 O-O 10. Ne4 f6 11. exf6 Bxf6 12. Nxf6+ Qxf6 13. Qe1 b5 14. Ne5 Nxe5
15. fxe5 Qxf1+ 16. Qxf1 Rxf1+ 17. Kxf1 Bb7 18. Bh6 Kf7 19. h4 Rc8 20. Kg1 c4 21.
Rf1+ Ke7 22. d4 Be4 23. c3 Rg8 24. Rf2 Kd8 25. Rf4 Bd5 26. Rf7 Kc7 27. Rxh7 a5
28. a3 Rb8 29. Rf7 b4 30. axb4 axb4 31. Bd2 bxc3 32. Bxc3 Ra8 33. Rf4 Rh8 34.
Rg4 Rh6 35. g3 Bf3 36. Bd2 Bxg4 37. Bxh6 Kb6 38. Bd2 Kb5 39. Kf2 Ka4 40. Ke3 Bf5
41. Kf4 Kb3 42. Bc3 Kc2 43. Kg5 Kd1 44. g4 Bd3 45. h5 gxh5 46. gxh5 Ke2 47. Kf6
Kf3 48. h6 Kg4 49. Kg7 Kf4 50. h7 Bxh7 51. Kxh7 Ke4 52. Kg7 Kd5 53. Kf6 d6 54.
exd6 Kxd6 55. Kg5 Kc7 56. Kf4 Kd6 57. Ke4 Kc6 58. Ke5 Kd7 59. Bb4 {Black
resigns} 1-0

[Event "Team 45 45 League T39"]
[Site "Internet Chess Club"]
[Date "2008.10.28"]
[Round "1"]
[White "Caminator"]
[Black "scottrugby"]
[Result "1-0"]
[WhiteElo "1631"]
[BlackElo "1529"]
[Opening "Sicilian: closed"]
[ECO "B24"]
[Time "22:02:07"]
[TimeControl "2700+45"]

1. e4 c5 2. Nc3 g6 3. g3 Bg7 4. Bg2 Nc6 5. d3 Nf6 6. Be3 d6 7. Qd2 O-O 8. Bh6
Be6 9. Bxg7 Kxg7 10. f4 Rb8 11. Nf3 Nd4 12. Nxd4 cxd4 13. Ne2 Qb6 14. c3 dxc3
15. bxc3 Ng4 16. d4 f5 17. h3 Nh6 18. O-O Bc4 19. Rfb1 Qa6 20. Nc1 fxe4 21. Bxe4
d5 22. Bg2 Nf5 23. Kh2 Qe6 24. Nb3 b6 25. Re1 Qd6 26. Re5 Rf7 27. Qe1 Rb7 28.
Re6 Qa3 29. Nd2 Qxc3 30. Nxc4 Qxe1 31. Raxe1 Nxd4 32. Ne5 Nxe6 33. Nxf7 Rd7 34.
Rxe6 Kxf7 35. Re5 d4 36. Bd5+ Kf8 37. Bb3 d3 38. Rd5 Ke8 39. Ba4 {Black resigns}
1-0

[Event "Team 45 45 League T39"]
[Site "Internet Chess Club"]
[Date "2008.10.26"]
[Round "1"]
[White "PopolVuh"]
[Black "AMAV"]
[Result "0-1"]
[WhiteElo "2012"]
[BlackElo "2089"]
[Opening "QGD: Charousek (Petrosian) variation"]
[ECO "D31"]
[Time "12:17:03"]
[TimeControl "2700+45"]

1. d4 d5 2. c4 e6 3. Nc3 Be7 4. cxd5 exd5 5. Bf4 c6 6. e3 Nf6 7. Bd3 O-O 8. Nge2
Bg4 9. f3 Bh5 10. g4 Bg6 11. Bxg6 fxg6 12. Qd3 Na6 13. O-O-O Nc7 14. h4 Ne6 15.
h5 g5 16. Be5 Nd7 17. f4 gxf4 18. exf4 Nxe5 19. fxe5 Nf4 20. Nxf4 Rxf4 21. Rdf1
Rxg4 22. Kb1 Qd7 23. Qe2 Qe6 24. Qe3 Bg5 25. Qh3 Re8 26. Ne2 Re4 27. Qf3 h6 28.
Rf2 Be3 29. Ng3 Bxf2 30. Nxe4 Bxd4 31. Nf6+ gxf6 32. Qg3+ Kh8 {White resigns}
0-1

[Event "Team 45 45 League T39"]
[Site "Internet Chess Club"]
[Date "2008.10.25"]
[Round "1"]
[White "Gregorio"]
[Black "Eskake"]
[Result "0-1"]
[WhiteElo "2050"]
[BlackElo "2033"]
[Opening "Sicilian: Najdorf, Opocensky variation"]
[ECO "B92"]
[Time "10:16:00"]
[TimeControl "2700+45"]

1. e4 c5 2. Nf3 d6 3. d4 cxd4 4. Nxd4 Nf6 5. Nc3 a6 6. Be2 e5 7. Nb3 Be7 8. Qd3
O-O 9. Qg3 Kh8 10. Be3 b5 11. f3 Nxe4 12. Bb6 Nxg3 13. Bxd8 Bxd8 14. hxg3 Be6
15. O-O-O Bg5+ 16. Kb1 Rd8 17. Ne4 Be7 18. Na5 d5 19. Nf2 Ra7 20. Bd3 g6 21.
Rde1 Bb4 22. Rxe5 Bxa5 23. Bxg6 Kg7 24. Bd3 h6 25. f4 Bb6 26. Nh3 Bxh3 27. Rxh3
Nc6 28. Reh5 Re7 29. b3 Rd6 30. Rh1 Bd4 31. g4 Bc3 32. g5 Re1+ 33. Rxe1 Bxe1 34.
f5 hxg5 35. Rxg5+ Kf6 36. Rh5 Ne5 37. Be2 Bd2 38. g4 d4 39. Rh3 Bg5 40. Kb2 b4
41. a3 a5 42. Kb1 Rc6 43. axb4 axb4 44. Rh8 Rc3 45. Rb8 Re3 46. Ba6 Re1+ 47. Kb2
Bd2 {White resigns} 0-1

[Event "Team 45 45 League T39"]
[Site "Internet Chess Club"]
[Date "2008.10.26"]
[Round "1"]
[White "lluisdp"]
[Black "CREDITorDEBIT"]
[Result "1-0"]
[WhiteElo "2055"]
[BlackElo "1770"]
[Opening "King's Indian: London system"]
[ECO "A48"]
[Time "20:30:11"]
[TimeControl "2700+45"]

1. d4 Nf6 2. Nf3 g6 3. Bf4 Bg7 4. c4 d6 5. h3 Nbd7 6. e3 a5 7. Be2 c5 8. Nc3 O-O
9. O-O Nh5 10. Bh2 f5 11. Ng5 Ndf6 12. dxc5 dxc5 13. Qc2 h6 14. Rad1 Qe8 15. Nf3
Bd7 16. Ne5 Rd8 17. Bf3 b6 18. Nxd7 Nxd7 19. Bc6 e6 20. Bc7 Qf7 21. Bxd8 Rxd8
22. Rxd7 Rxd7 23. Bxd7 Qxd7 24. Qd1 Qe7 25. Qf3 Be5 26. Rd1 f4 27. exf4 Nxf4 28.
Re1 Qg5 29. Ne4 Qf5 30. Ng3 Qg5 31. Qa8+ Kf7 32. Qb7+ Kg8 33. Rd1 Nxh3+ 34. gxh3
h5 35. Qc8+ Kh7 36. Rd7+ Kh6 37. Qf8+ {Black resigns} 1-0

[Event "Team 45 45 League T39"]
[Site "Internet Chess Club"]
[Date "2008.10.25"]
[Round "1"]
[White "trophyking"]
[Black "Alphalegacy"]
[Result "1-0"]
[WhiteElo "2281"]
[BlackElo "1946"]
[Opening "Alekhine's defense: exchange variation"]
[ECO "B02"]
[Time "16:14:14"]
[TimeControl "2700+45"]

1. e4 Nf6 2. e5 Nd5 3. c4 Nb6 4. d4 d6 5. exd6 cxd6 6. Nc3 Nc6 7. Be3 g6 8. Rc1
Bg7 9. b3 O-O 10. d5 Ne5 11. Be2 h5 12. f4 Ng4 13. Bd4 Nf6 14. Nf3 Bg4 15. h3
Bxf3 16. Bxf3 e5 17. dxe6 fxe6 18. Bxb7 e5 19. Bxb6 Qxb6 20. Bxa8 Qe3+ 21. Ne2
Rxa8 22. Rc3 Qb6 23. c5 dxc5 24. fxe5 Rd8 25. Rd3 Qb4+ 26. Kf1 Rxd3 27. Qxd3 Ne4
28. e6 Nd2+ 29. Kg1 Bd4+ 30. Nxd4 Qxd4+ 31. Qxd4 cxd4 32. Kh2 Ne4 33. Rd1 {Black
resigns} 1-0

[Event "Team 45 45 League T39"]
[Site "Internet Chess Club"]
[Date "2008.10.24"]
[Round "1"]
[White "bobhill"]
[Black "Elddir"]
[Result "0-1"]
[WhiteElo "2048"]
[BlackElo "2101"]
[Opening "Torre attack (Tartakower variation)"]
[ECO "D03"]
[Time "23:14:29"]
[TimeControl "2700+45"]

1. d4 Nf6 2. Nf3 d5 3. Bg5 e6 4. e3 Be7 5. Bd3 O-O 6. Nbd2 Nbd7 7. O-O c5 8. c3
b6 9. Qe2 Bb7 10. Ne1 e5 11. f4 e4 12. Bb5 cxd4 13. exd4 Nb8 14. Nc2 a6 15. Ba4
b5 16. Bb3 Nbd7 17. Ne3 a5 18. g4 a4 19. Bc2 Nb6 20. Bxf6 Bxf6 21. g5 Be7 22. h4
f5 23. Rf2 Bc6 24. b3 Be8 25. Ndf1 Qc7 26. Rc1 Ba3 27. Rd1 Qxc3 28. Ng3 g6 29.
Rh2 Qc7 30. Qf2 Bd6 31. Rf1 Qg7 32. Rd1 Bd7 33. h5 Kf7 34. Ne2 Ke6 35. Kg2 Rh8
36. h6 Qf7 37. Rb1 a3 38. Rhh1 Bb4 39. Rhd1 Rhc8 40. Rbc1 Ra7 41. Bb1 Rac7 42.
Rxc7 Rxc7 43. Nc2 Qf8 44. Qe3 Bd6 45. Ne1 Kf7 46. Bc2 Qc8 47. Qd2 b4 48. Rc1 Bb5
49. Bd1 Rxc1 50. Nxc1 Qc7 51. Kg3 Nd7 52. Ng2 Nf8 53. Ne2 Bxe2 54. Bxe2 Ne6 55.
Kh4 Bxf4 56. Nxf4 Qxf4+ 57. Qxf4 Nxf4 58. Bb5 Ne6 59. Bc6 Nc7 60. Kg3 Ke7 61.
Kf4 Kd6 62. Ba4 Ne6+ 63. Ke3 f4+ 64. Kd2 Nxd4 65. Be8 Nf3+ 66. Ke2 Nxg5 67. Kf2
e3+ 68. Ke2 d4 69. Bb5 f3+ 70. Ke1 Ke5 71. Bd3 Kf4 72. Kf1 Kg4 73. Kg1 Kh5 74.
Kh2 e2 75. Bf5 e1=Q 76. Bg4+ Kh4 {White resigns} 0-1

[Event "Team 45 45 League T39"]
[Site "Internet Chess Club"]
[Date "2008.10.26"]
[Round "1"]
[White "Beddathanme"]
[Black "gatherto"]
[Result "1-0"]
[WhiteElo "1859"]
[BlackElo "1636"]
[Opening "Bishop's opening/Petrov: Urusov gambit"]
[ECO "C24"]
[Time "11:01:26"]
[TimeControl "2700+45"]

1. e4 e5 2. Bc4 Nf6 3. d4 exd4 4. Nf3 Nxe4 5. Qxd4 Nf6 6. Bg5 Be7 7. Nc3 Nc6 8.
Qh4 h6 9. O-O-O O-O 10. Bxh6 gxh6 11. Qxh6 Ng4 12. Qg6+ Kh8 13. Qxg4 d6 14. Qh5+
Kg7 15. Rhe1 Bf6 16. Ne4 Ne5 17. Nxe5 Bxe5 18. g3 Bf6 19. Nxf6 Qxf6 20. Rd5 Rg8
21. Rg5+ Kf8 22. Rxg8+ Kxg8 23. Re8+ Kg7 24. Qh8+ Kg6 25. Bd3+ Bf5 26. Bxf5+
Qxf5 27. Rxa8 Qg5+ 28. Kb1 Qd5 29. Rg8+ Kf5 30. Qh5+ Ke6 31. Re8+ {Black
resigns} 1-0

[Event "Team 45 45 League T39"]
[Site "Internet Chess Club"]
[Date "2008.10.24"]
[Round "1"]
[White "SuperPeon"]
[Black "xakelari"]
[Result "0-1"]
[WhiteElo "2095"]
[BlackElo "2091"]
[Opening "Bishop's opening: Berlin defense"]
[ECO "C24"]
[Time "08:34:58"]
[TimeControl "2700+45"]

1. e4 e5 2. Bc4 Nf6 3. d3 c6 4. Nf3 d5 5. Bb3 Bd6 6. O-O dxe4 7. Ng5 O-O 8. Nxe4
Nxe4 9. dxe4 Qe7 10. Be3 Na6 11. c3 Bc5 12. Bxc5 Nxc5 13. Bc2 a5 14. Re1 Rd8 15.
Qe2 Qg5 16. a4 Bg4 17. f3 Be6 18. c4 Rd4 19. b3 Rad8 20. Qe3 Qg6 21. Nc3 Nd3 22.
Red1 Nb4 23. Qf2 Qg5 24. Rxd4 Rxd4 25. f4 Qxf4 26. Qxf4 exf4 27. Bd1 g5 28. Rc1
Kg7 29. h3 f5 30. Bf3 Kf6 31. exf5 Bxf5 32. g4 Bc2 33. Kg2 h6 34. Re1 Bxb3 35.
c5 Bc2 36. Re8 Rd2+ 37. Kf1 Rd7 38. Rb8 Na6 39. Rh8 Kg7 40. Ra8 Bg6 41. Be2 Nxc5
42. Rxa5 Ne4 43. Nxe4 Bxe4 44. Ra7 c5 45. Kf2 Kf6 46. Ra8 Ke5 47. Rh8 Rd6 48. a5
Kd4 49. Rc8 Bc6 50. a6 bxa6 51. Bxa6 c4 {White resigns} 0-1

[Event "Team 45 45 League T39"]
[Site "Internet Chess Club"]
[Date "2008.10.26"]
[Round "1"]
[White "hualpe"]
[Black "GeofDeV"]
[Result "0-1"]
[WhiteElo "1804"]
[BlackElo "2061"]
[Opening "QGD Slav: Dutch variation"]
[ECO "D18"]
[Time "14:06:40"]
[TimeControl "2700+45"]

1. d4 d5 2. c4 c6 3. Nc3 Nf6 4. Nf3 dxc4 5. a4 Bf5 6. e3 e6 7. Bxc4 Bb4 8. O-O
Nbd7 9. Nh4 Bg4 10. f3 Bh5 11. g3 O-O 12. Qb3 Qb6 13. Na2 Be7 14. Bd2 c5 15. Bc3
Rac8 16. Rad1 Qc7 17. d5 exd5 18. Bxd5 Nxd5 19. Qxd5 Nf6 20. Bxf6 Bxf6 21. Qxh5
g6 22. Qg4 Bxb2 23. Rd7 Qe5 24. Rxb7 Qxe3+ 25. Kh1 Qe2 26. Rb1 Bg7 27. Nb4 cxb4
28. Qe4 Qxe4 29. fxe4 Bc3 30. Rxa7 Ra8 31. Rb7 Rxa4 32. Rd1 Ra2 33. e5 Re2 34.
Nf3 Rf2 35. Rd3 Ra8 36. Kg1 Rb2 37. Rd1 Re2 38. Ng5 Rxe5 39. Nxf7 Re1+ 40. Rxe1
Bxe1 41. Ne5 Ra1 42. Kg2 Rb1 43. Nd3 Bc3 44. Nc5 Rd1 45. Ne4 Rc1 46. Nxc3 bxc3
47. Rc7 c2 48. h4 h5 49. Kh2 Kf8 50. Kg2 Ke8 51. Kh2 Kd8 52. Rc3 Ke7 53. Kg2 Kf6
54. Rf3+ Ke5 55. Rf2 Ke4 {White resigns} 0-1

[Event "Team 45 45 League T39"]
[Site "Internet Chess Club"]
[Date "2008.10.26"]
[Round "1"]
[White "primerpaso"]
[Black "chipionero"]
[Result "0-1"]
[WhiteElo "1905"]
[BlackElo "1719"]
[Opening "English opening"]
[ECO "A16"]
[Time "12:00:06"]
[TimeControl "2700+45"]

1. c4 Nf6 2. Nc3 d6 3. g3 g6 4. Bg2 Bg7 5. e4 Nbd7 6. Nge2 c6 7. d4 e5 8. O-O
O-O 9. b3 exd4 10. Nxd4 Qa5 11. Bb2 a6 12. Qd2 c5 13. Nde2 Qc7 14. Rad1 Re8 15.
f3 Ne5 16. Qxd6 Qxd6 17. Rxd6 Nc6 18. Na4 Be6 19. Nf4 Rad8 20. Rfd1 Rxd6 21.
Rxd6 Bf8 22. Rxc6 bxc6 23. Bxf6 Bg7 24. Nxc5 Bxf6 25. Nfxe6 fxe6 26. Nxa6 Ra8
27. Nc7 Rxa2 28. Nxe6 Kf7 29. g4 Kxe6 30. b4 {White resigns} 0-1

[Event "Team 45 45 League T39"]
[Site "Internet Chess Club"]
[Date "2008.10.27"]
[Round "1"]
[White "alexcluster"]
[Black "VICODIN"]
[Result "0-1"]
[WhiteElo "1654"]
[BlackElo "1858"]
[Opening "Queen's pawn game, Darooha variation "]
[ECO "D02"]
[Time "15:30:17"]
[TimeControl "2700+45"]

1. d4 Nf6 2. Nf3 d5 3. g3 c5 4. c3 e6 5. Bg2 Nc6 6. O-O Be7 7. Qc2 O-O 8. Ne5
Bd7 9. Nxd7 Qxd7 10. dxc5 Bxc5 11. Nd2 Bd6 12. Nf3 Rac8 13. Qa4 Rc7 14. Nd4 Nxd4
15. Qxd4 b5 16. Bf4 Rc4 17. Qd2 Bxf4 18. gxf4 Rfc8 19. Rac1 Qc7 20. e3 b4 21. b3
Rxc3 22. Rxc3 bxc3 23. Qc2 g5 24. fxg5 Ng4 25. Rc1 Qxh2+ 26. Kf1 Qh4 27. Qe2
Qxg5 28. Qa6 Rd8 29. Rxc3 Qf6 30. Rc2 Nxe3+ {White resigns} 0-1

[Event "Team 45 45 League T39"]
[Site "Internet Chess Club"]
[Date "2008.10.26"]
[Round "1"]
[White "aww-rats"]
[Black "frothyjowels"]
[Result "1-0"]
[WhiteElo "2070"]
[BlackElo "2223"]
[Opening "Scandinavian (center counter) defense"]
[ECO "B01"]
[Time "14:02:22"]
[TimeControl "2700+45"]

1. e4 d5 2. Nc3 d4 3. Nce2 e5 4. Ng3 Be6 5. Nf3 Nf6 6. Nxe5 Bd6 7. Nf3 Bxg3 8.
hxg3 Nxe4 9. Qe2 Qd5 10. Qb5+ Nc6 11. Qxd5 Bxd5 12. Bb5 O-O-O 13. d3 Nf6 14. Bg5
Rd6 15. O-O Bxf3 16. gxf3 a6 17. Ba4 Nd5 18. Rfe1 f6 19. Bd2 Ne5 20. Kg2 h5 21.
Re4 c5 22. Bb3 b5 23. Bxd5 Rxd5 24. f4 Ng6 25. Re6 Kb7 26. Rae1 Rhd8 27. f3 R5d6
28. Rxd6 Rxd6 29. f5 Ne5 30. Bf4 Rd5 31. Bxe5 Rxe5 32. Rxe5 fxe5 33. g4 hxg4 34.
fxg4 Kc6 35. g5 Kd6 36. Kf3 Kd5 37. g6 e4+ 38. dxe4+ Ke5 39. b3 c4 40. bxc4 bxc4
41. a3 a5 42. a4 Kf6 43. Kf4 Ke7 44. e5 {Black resigns} 1-0

[Event "Team 45 45 League T39"]
[Site "Internet Chess Club"]
[Date "2008.10.25"]
[Round "1"]
[White "kinghunter08"]
[Black "fledermaus"]
[Result "1/2-1/2"]
[WhiteElo "2100"]
[BlackElo "2033"]
[Opening "Queen's pawn, Mason variation"]
[ECO "D00"]
[Time "16:00:12"]
[TimeControl "2700+45"]

1. d4 d5 2. Bf4 e6 3. Nf3 Nf6 4. e3 c5 5. c3 Nc6 6. Be2 Bd6 7. Ne5 O-O 8. Nd2
Bxe5 9. dxe5 Nd7 10. Nf3 Qc7 11. c4 dxc4 12. Qc2 Ndxe5 13. Nxe5 Nxe5 14. Qc3 f6
15. O-O a6 16. a4 Rb8 17. a5 b5 18. axb6 Qxb6 19. Bxe5 fxe5 20. Bxc4 Qxb2 21.
Qd3 Qb6 22. Rfb1 Qc7 23. Bxa6 Rxb1+ 24. Rxb1 Rd8 25. Qc4 Qd6 26. Bxc8 Rxc8 27.
g3 Qd5 28. Qa6 Rf8 29. Qb6 h6 30. Qc7 Qd2 31. Rf1 Qd5 32. Rb1 Qd2 33. Rf1 Qd5
34. Rb1 {Game drawn by repetition} 1/2-1/2

[Event "Team 45 45 League T39"]
[Site "Internet Chess Club"]
[Date "2008.10.25"]
[Round "1"]
[White "jonesey"]
[Black "political"]
[Result "0-1"]
[WhiteElo "1925"]
[BlackElo "1823"]
[Opening "Caro-Kann: Panov-Botvinnik, Czerniak variation"]
[ECO "B13"]
[Time "13:00:16"]
[TimeControl "2700+45"]

1. e4 c6 2. d4 d5 3. exd5 cxd5 4. c4 Nf6 5. Nc3 Nc6 6. Bg5 Qa5 7. Nf3 Bg4 8.
Bxf6 exf6 9. Be2 Bb4 10. O-O dxc4 11. Nd2 Bxe2 12. Qxe2+ Ne7 13. Nxc4 Qd8 14.
Ne3 O-O 15. Rfd1 a6 16. d5 Nc8 17. Nf5 Nd6 18. Nxg7 Bxc3 19. Qg4 Kh8 20. Nh5 f5
21. Qf4 Bg7 22. Rd3 Re8 23. Nxg7 Kxg7 24. Qd4+ f6 25. Rg3+ Kh8 26. Rc1 Qe7 27.
Re3 Qf7 28. Rec3 Nb5 {White resigns} 0-1

[Event "Team 45 45 League T39"]
[Site "Internet Chess Club"]
[Date "2008.11.02"]
[Round "1"]
[White "alexdb"]
[Black "baris"]
[Result "0-1"]
[WhiteElo "1973"]
[BlackElo "2126"]
[Opening "Sicilian: closed"]
[ECO "B23"]
[Time "13:13:51"]
[TimeControl "2700+45"]

1. e4 c5 2. Nc3 e6 3. Nge2 Nc6 4. g3 d6 5. Bg2 Nf6 6. O-O Be7 7. d3 a6 8. h3 O-O
9. f4 Qc7 10. g4 b5 11. Ng3 b4 12. Nce2 Bb7 13. f5 Qb6 14. Be3 a5 15. g5 Nd7 16.
h4 Nce5 17. fxe6 fxe6 18. Nf4 a4 19. Nxe6 Rxf1+ 20. Kxf1 Nf8 21. Nf4 Nfg6 22.
Nxg6 hxg6 23. Kg1 Rf8 24. Qe2 Bc8 25. Rf1 Rxf1+ 26. Kxf1 Bg4 27. Qd2 b3 28. axb3
axb3 29. Ne2 Qa6 30. Nc1 bxc2 31. Qxc2 Be6 32. Kg1 Qa1 33. Qc3 Bd8 34. Qa3 Qb1
35. Qa8 Kh7 36. Qxd8 Ng4 37. Qxd6 Nxe3 38. Qxe6 Qxc1+ 39. Kh2 Qxb2 40. Qh3 Qe2
41. Qf3 Qxd3 42. h5 c4 43. hxg6+ Kxg6 44. Bh3 Qd6+ 45. Kg1 Qb6 46. Kh2 Qc7+ 47.
Kg1 Qc5 48. Kf2 Nf5+ 49. Ke1 Qa5+ 50. Kf2 Qd2+ 51. Qe2 Qd4+ 52. Kg2 Nh4+ 53. Kh2
c3 54. Bf5+ Nxf5 55. exf5+ Kxf5 56. Qc2+ Kxg5 57. Qg2+ Qg4 58. Qd5+ Qf5 59. Qg2+
Kh5 60. Qe2+ Kg6 61. Qg2+ Kh7 62. Qg3 Qh5+ {White resigns} 0-1